 Dungeon Crawl Stone Soup version 0.20.1-1-g8b1a95d (webtiles) character file.

38 Irenicus the Insei (level 3, -1/26 HPs)
             Began as an Octopode Chaos Knight on Oct 13, 2017.
             Slain by a gnoll
             ... wielding a +0 flail
              (11 damage)
             ... on level 2 of the Dungeon.
             The game lasted 00:01:32 (590 turns).

Irenicus the Insei (Octopode Chaos Knight)           Turns: 590, Time: 00:01:33

Health: -1/26      AC:  1    Str: 11    XL:     3   Next: 43%
Magic:  3/3        EV: 13    Int: 14    God:    Xom [..*...]
Gold:   76         SH:  0    Dex: 12    Spells: 2/2 levels left

rFire    . . .     SeeInvis .     - Unarmed
rCold    . . .     Gourm    .   (no shield)
rNeg     . . .     Faith    .   (helmet restricted)
rPois    .         Spirit   .   (no amulet)
rElec    .         Reflect  .   (no ring)
rCorr    .         Harm     .   (no ring)
MR       .....                  (no ring)
Stlth    ++........             (no ring)
Regen    0.1/turn               (no ring)
MPRegen  0.1/turn               (no ring)
                                (no ring)
                                (no ring)

@: no status effects
A: almost no armour, stealthy swim, amphibious, 8 rings, constrict 8, camouflage
1, gelatinous body 1
a: Renounce Religion


You were on level 2 of the Dungeon.
You worshipped Xom.
You were a toy of Xom.
You were not hungry.

You visited 1 branch of the dungeon, and saw 2 of its levels.

You collected 76 gold pieces.

Inventory:

Scrolls
 c - 3 scrolls of magic mapping {unknown}
 f - a scroll of recharging {unknown}
 g - 3 scrolls of identify {unknown}
Potions
 e - a potion of might {unknown}
 h - 2 potions of curing {unknown}
Comestibles
 a - 3 bread rations
 b - a meat ration
 d - 3 fruits


   Skills:
 - Level 3.0 Fighting
 - Level 2.3 Dodging
 + Level 4.4 Unarmed Combat


You had 2 spell levels left.
You didn't know any spells.

Dungeon Overview and Level Annotations

Branches:
Dungeon (2/15)

Altars:


Innate Abilities, Weirdness & Mutations

You cannot wear most types of armour.
You are very stealthy in the water. (Stealth+)
You are amphibious.
You can wear up to eight rings at the same time.
You can use your tentacles to constrict eight enemies at once.
Your skin changes colour to match your surroundings (Stealth+).
Your rubbery body absorbs attacks. (AC +1, EV +1)


Message History

The gnoll closely misses you.
You tentacle-slap the gnoll. You squeeze the gnoll!
You kill the gnoll!
The gnoll throws a throwing net.
The throwing net hits you.
You become entangled in the net!
You struggle against the net.
You struggle against the net.
The gnoll hits you with a flail.
You struggle against the net.
The gnoll barely misses you.
You shred the net and break free! The gnoll barely misses you.
You closely miss the gnoll. You grab the gnoll.
You constrict the gnoll, but do no damage.
You tentacle-slap the gnoll but do no damage.
You squeeze the gnoll.
The gnoll is moderately wounded.
You constrict the gnoll. The gnoll barely misses you.
You tentacle-slap the gnoll.
The gnoll is almost dead.
You constrict the gnoll, but do no damage.
The gnoll hits you with a flail!
You die...

.....#.##
####....######
......)......####
..............^.#
####.>...###.##.#
#....## #.##.# #
#.#.#####.##.# ##
#......##.##.########
.#
######.##....@gg.....
.# #.#####.########
.# #.### #.#
#########.#.# #.#
...........# #.#
.......)..#......
######....#####..
†)..##....# ###
..........#


You could see 2 gnolls.

Vanquished Creatures
  A gnoll (D:2)
  5 bats
  2 giant cockroaches
  4 goblins (D:1)
  4 hobgoblins
  6 kobolds (D:1)
  4 frilled lizards
  2 rats
28 creatures vanquished.

Notes
Turn   | Place    | Note
-------+----------+-------------------------------------------
     0 | D:1      | Irenicus the Octopode Chaos Knight began the quest for the Orb.
     0 | D:1      | Reached XP level 1. HP: 16/16 MP: 1/1
    78 | D:1      | Reached XP level 2. HP: 21/21 MP: 2/2
   208 | D:1      | XOM: divination: magic mapping
   297 | D:1      | XOM: divination: detect items
   456 | D:2      | XOM: stealth player
   461 | D:2      | Reached skill level 4 in Unarmed Combat
   501 | D:2      | Reached XP level 3. HP: 17/26 MP: 3/3
   531 | D:2      | XOM: harmless Pois miscast
   590 | D:2      | Slain by a gnoll

Skill      XL: |  1  2 |
---------------+-------+-----
Unarmed Combat | 4 |  4.4
Fighting       | |  3.0
Dodging        | |  2.3

Action                   || total
-------------------------++-------
Melee: Unarmed           ||    63
       Constrict         ||    18
       Tentacles         ||     4
 Stab: Sleeping          ||     3
Armor: Skin              ||     7
Dodge: Dodged            ||    40
